 Dungeon Crawl Stone Soup version 0.26-a0-682-g294304f6e8 (webtiles) character file.

Game seed: 11010498068918614252

(classic levelgen) 23 EnegeticOcto the Digger (level 3, -1/21 HPs)
             Began as a Halfling Earth Elementalist on Oct 20, 2020.
             Hit by a boomerang thrown by an orc (4 damage)
             ... on level 3 of the Dungeon.
             The game lasted 00:01:46 (308 turns).

EnegeticOcto the Digger (HaEE)                       Turns: 308, Time: 00:01:46

Health: -1/21      AC:  6    Str:  9    XL:     3   Next: 12%
Magic:  1/5        EV: 13    Int: 14    God:
Gold:   63         SH:  0    Dex: 14    Spells: 4/5 levels left

rFire    . . .     SeeInvis .   g - +0 spear
rCold    + . .     Faith    .   (shield restricted)
rNeg     . . .     Spirit   .   j - +1 ring mail {rC+}
rPois    .         Reflect  .   (no helmet)
rElec    .         Harm     .   (no cloak)
rCorr    .         Rampage  .   (no gloves)
MR       .....                  (no boots)
Stlth    +.........             (no amulet)
HPRegen  0.07/turn              e - ring of wizardry
MPRegen  0.09/turn              (no ring)

@: no status effects
A: small, mutation resistance 1
a: no special abilities


You were on level 3 of the Dungeon.
You visited 1 branch of the dungeon, and saw 3 of its levels.

You collected 63 gold pieces.

Inventory:

Hand Weapons
 g - a +0 spear (weapon)
Missiles
 b - 40 stones (quivered)
 h - 17 sling bullets
Armour
 c - a +0 robe
 j - a +1 ring mail of cold resistance (worn)
Jewellery
 e - a ring of wizardry (left hand)
Scrolls
 d - a scroll of remove curse {unknown}
 f - 2 scrolls of enchant weapon {unknown}
 i - a scroll of magic mapping {unknown}
 k - 2 scrolls of identify {unknown}
Potions
 a - a potion of ambrosia {unknown}


   Skills:
 - Level 2.1 Dodging
 - Level 2.1 Stealth
 - Level 1.5 Spellcasting
   Level 0.5 Transmutations
 + Level 4.1 Earth Magic


You had 4 spell levels left.
You knew the following spells:

 Your Spells              Type           Power        Failure   Level
a - Sandblast             Erth           ##....       5%          1

Your spell library contained the following spells:

 Spells                   Type           Power        Failure   Level
 Passwall                 Tmut/Erth      #.......     16%         2
 Magic Dart               Conj           #...         26%         1
 Stone Arrow              Conj/Erth      #.....       32%         3
 Searing Ray              Conj           #.....       38%         2
 Dazzling Flash           Conj/Hex       #.....       61%         3
 Petrify                  Tmut/Erth      #.......     69%         4
 Fulminant Prism          Conj/Hex       #.........   93%         4
 Iskenderun's Mystic Bla  Conj/Tloc      #.......     93%         4
 Lee's Rapid Deconstruct  Erth           ##........   77%         5


Dungeon Overview and Level Annotations

Branches:
Dungeon (3/15)

Altars:
Dithmenos


Innate Abilities, Weirdness & Mutations

You are small and have problems with some larger weapons.
You are somewhat resistant to further mutation.


Message History

The helpless dart slug fails to defend itself.
You hit the dart slug.
The dart slug is heavily wounded.
Your ring mail prevents you from hitting the dart slug.
The dart slug is heavily wounded.
The dart slug misses you.
You hit the dart slug.
You kill the dart slug!
Your Earth Magic skill increases to level 4!
You have reached level 3!
Your experience leads to an increase in your attributes!
Increase (s)trength, (i)ntelligence, or (d)exterity?
You feel clever.
Found 10 gold pieces.
Found 4 gold pieces.
You now have 59 gold pieces (gained 10).
Found a shadowy altar of Dithmenos.
You now have 63 gold pieces (gained 4).
There is a shadowy altar of Dithmenos here.
Found a stone staircase leading up.
Found an oblong leatherbound book.
Found a stone staircase leading down.
You pick up a book of Conjurations and begin reading...
You add the spells Magic Dart, Searing Ray, Dazzling Flash, Fulminant Prism and Iskenderun's Mystic Blast to your library.
There is a stone staircase leading down here.
Found a scroll labeled BIMOOF ULOGUY.
k - a scroll labeled BIMOOF ULOGUY
Found a scroll labeled BIMOOF ULOGUY.
Found a stone staircase leading down.
There is a stone staircase leading down here.
k - 2 scrolls labeled BIMOOF ULOGUY (gained 1)
(D) Dungeon
Where to? (Enter - D:2, ? - help)
There is a stone staircase leading down here.
You climb downwards. 3 orcs come into view.
The orc shouts! x3; You hear a shout!
Found four items.
There is a stone staircase leading up here.
Casting: Sandblast (safe; 5% risk of failure)
Confirm with . or Enter, or press ? or * to list all spells.
Aiming: Sandblast (safe; 5% risk of failure)
Press: ? - help, Shift-Dir - straight line, f - orc
Aim: an orc, wielding a +0 falchion and wearing a +0 scale mail The blast of sand hits the orc but does no damage.
b - 45 stones The orc hits you but does no damage.
The orc throws a boomerang.
The boomerang hits you but does no damage.
The weapon returns to the orc!
Casting: Sandblast (safe; 5% risk of failure)
Confirm with . or Enter, or press ? or * to list all spells.
Aiming: Sandblast (safe; 5% risk of failure)
Press: ? - help, Shift-Dir - straight line, f - orc, p - orc
Aim: an orc, wielding a +0 hand axe The blast of sand hits the orc!
You kill the orc!
b - 44 stones
Casting: Sandblast (safe; 5% risk of failure)
Confirm with . or Enter, or press ? or * to list all spells.
Aiming: Sandblast (safe; 5% risk of failure)
Press: ? - help, Shift-Dir - straight line, f - orc
Aim: an orc, wielding a +0 falchion and wearing a +0 scale mail The blast of sand hits the orc but does no damage.
b - 43 stones
Casting: Sandblast (safe; 5% risk of failure)
Confirm with . or Enter, or press ? or * to list all spells.
Aiming: Sandblast (safe; 5% risk of failure)
Press: ? - help, Shift-Dir - straight line, f/p - orc
Aim: an orc, wielding a +0 falchion and wearing a +0 scale mail The blast of sand hits the orc but does no damage.
b - 42 stones A hobgoblin comes into view.
It is wielding a +0 club.
The orc barely misses you.
You barely miss the orc. The orc barely misses you. x2
You hit the orc but do no damage.
The orc hits you from afar with a +0 trident.
The orc hits you with a +0 falchion!
* * * LOW HITPOINT WARNING * * *
Casting: Sandblast (safe; 5% risk of failure)
Confirm with . or Enter, or press ? or * to list all spells.
Aiming: Sandblast (safe; 5% risk of failure)
Press: ? - help, Shift-Dir - straight line, f/p - orc
Aim: an orc, wielding a +0 falchion and wearing a +0 scale mail The blast of sand hits the orc but does no damage.
b - 41 stones You see here a robe.
Casting: Sandblast (safe; 5% risk of failure)
Confirm with . or Enter, or press ? or * to list all spells.
Aiming: Sandblast (safe; 5% risk of failure)
Press: ? - help, Shift-Dir - straight line, f/p - orc
Aim: an orc, wielding a +0 falchion and wearing a +0 scale mail The blast of sand hits the orc.
The orc is moderately wounded.
b - 40 stones The orc barely misses you.
The orc hits you from afar with a +0 trident.
* * * LOW HITPOINT WARNING * * *
There is a stone staircase leading up here.
The orc throws a boomerang.
The boomerang hits you.
You die...

#. #. #. ######.##
........# ........#
........#
.......@##########
.......o).....[..#
....?....#######.#.#...
.........o..g...........
........########..##....
..?....## #..# ..
##..... ..... #...$.
..#### ####.. ..#


You could see 2 orcs.

Vanquished Creatures
  3 dart slugs
  An orc (D:3)
  5 bats (D:1)
  2 hobgoblins (D:1)
  A frilled lizard (D:1)
  2 goblins (D:1)
  A kobold (D:1)
15 creatures vanquished.

Notes
Turn   | Place    | Note
-------+----------+-------------------------------------------
     0 | D:1      | EnegeticOcto the Halfling Earth Elementalist began the
                  | quest for the Orb.
     0 | D:1      | Reached XP level 1. HP: 11/11 MP: 3/3
    84 | D:1      | Reached XP level 2. HP: 16/17 MP: 0/4
   215 | D:2      | Reached skill level 4 in Earth Magic
   215 | D:2      | Reached XP level 3. HP: 14/21 MP: 5/5
   224 | D:2      | Found a shadowy altar of Dithmenos.
   308 | D:3      | Hit by a boomerang thrown by an orc

Illustrated notes

Levels and vault maps discovered:
D:1:      erik_arrival_orb_chamber, layout_loops_ring, serial_glass,
          glass_columns_c, glass_columns_c
D:2:      layout_loops_ring, grunt_dithmenos_smoke_and_mirrors,
          marbit_many_paths
D:3:      layout_basic, kennysheep_orc_chapel

Skill      XL: |  1  2 |
---------------+-------+-----
Earth Magic    | 4 |  4.1
Dodging        | |  2.1
Stealth        | |  2.1
Spellcasting   | |  1.5
Transmutations | |  0.5

Action                   || total
-------------------------++-------
Melee: Unarmed           ||     7
       Spear             ||    17
 Cast: Sandblast         ||    17
 Stab: Sleeping          ||     1
Armor: Robe              ||     3
       Ring mail         ||     2
Dodge: Dodged            ||    30

Table legend: (Time is in decaauts)
 A = Elapsed time spent in this place.
 B = Non-inter-level travel time spent in this place.
 C = Inter-level travel time spent in this place.
 D = Time resting spent in this place.
 E = Time spent auto-exploring this place.
 F = Levels seen in this place.
 G = Mean time per level.
                   A        B        C        D        E       F      G
               +--------+--------+--------+--------+--------+-----+--------+
         Total |    308 |    293 |     15 |      0 |      0 |   3 |  102.7 |
       Dungeon |    308 |    293 |     15 |      0 |      0 |   3 |  102.7 |
               +--------+--------+--------+--------+--------+-----+--------+

Top non-repeatable levels by time:
     D:1: 212 daAuts
     D:2: 68 daAuts
     D:3: 28 daAuts
